 Dungeon Sprint DCSS version 0.29-a0-993-g4a18f31a58 (webtiles) character file.

Game seed: 18427661348454796108

1261 mhtbhm the Grappler (level 8, -3/72 HPs)
             Began as a Troll Transmuter on Aug 3, 2022.
             Was an Initiate of Gozag.
             Slain by a boulder beetle (19 damage)
             ... in the Dungeon (Sprint IX: "|||||||||||||||||||||||||||||").
             The game lasted 00:01:06 (197 turns).

mhtbhm the Grappler (Troll Transmuter)               Turns: 197, Time: 00:01:06

Health: -3/72      AC:  6    Str: 24    XL:     8   Next: 27%
Magic:  14/14      EV: 11    Int:  9    God:    Gozag
Gold:   630        SH:  0    Dex: 10    Spells: 6/16 levels left

rFire   . . .      SeeInvis .     - Unarmed
rCold   . . .      Faith    .   (no shield)
rNeg    . . .      Spirit   .   a - +0 robe
rPois   .          Reflect  .   (helmet currently unavailable)
rElec   .          Harm     .   (no cloak)
rCorr   .          Rampage  .   (gloves unavailable)
Will    .....      NoTele   +   (boots unavailable)
Stlth   +.........              (no amulet)
HPRegen 1.02/turn               k - +2 ring of protection
MPRegen 0.14/turn               l - +3 ring of strength

@: appendages (expiring), wereblooded, gold aura
A: horns 2, talons 2, large, unfitting armour, claws 3, regeneration 1, shaggy
fur 1, tough skin 1
a: End Transformation, Renounce Religion, Potion Petition, Call Merchant, Bribe
Branch


You were in the Dungeon.
You worshipped Gozag.
Gozag was pleased with you.
You had temporarily grown beastly horns and talons.
You visited 1 branch You collected 630 gold pieces.

Inventory:

Armour
 a - a +0 robe (worn)
Jewellery
 k - a +2 ring of protection (left claw)
 l - a +3 ring of strength (right claw)
Wands
 j - a wand of quicksilver (4)
Scrolls
 h - 2 scrolls of blinking
 i - 2 scrolls of amnesia
Potions
 b - a potion of lignification
 c - 5 potions of curing
 d - 2 potions of heal wounds
 e - a potion of haste
 f - 3 potions of magic
 g - a potion of invisibility


   Skills:
 + Level 2.1 Fighting
 + Level 6.1 Dodging
 + Level 13.7 Unarmed Combat
 + Level 4.9 Spellcasting
 + Level 4.9 Transmutations
 + Level 1.1 Evocations


You had 6 spell levels left.
You knew the following spells:

 Your Spells              Type           Power      Damage    Failure   Level
a - Beastly Appendage     Tmut           22%        N/A       3%          1
b - Wereblood             Tmut           11%        N/A       4%          2
c - Spider Form           Tmut/Pois      6%         N/A       26%         3
d - Ice Form              Ice/Tmut       6%         N/A       65%         4

Your spell library contained the following spells:

 Spells                   Type           Power      Damage    Failure   Level


Dungeon Overview and Level Annotations

Branches:
Dungeon (1/1)

Altars:
Cheibriados
Dithmenos
Elyvilon
Fedhas
Gozag
Hepliaklqana
Kikubaaqudgha
Makhleb
Nemelex Xobeh
Okawaru
Qazlal
Ru
Sif Muna
Trog
Uskayaw
Vehumet
Wu Jian
Xom
Yredelemnul
Zin
The Shining One
Jiyva
Lugonu


Innate Abilities, Weirdness & Mutations

You have temporarily grown beastly horns and talons.
You are too large for most types of armour.
You have claws for hands.
Your natural rate of healing is unusually fast.
You are covered in fur. (AC +1)
You have tough skin. (AC +1)


Message History

You are too injured to fight recklessly!
You are too injured to fight recklessly!
Unknown command.
Aiming: Quicksilver Bolt
Press: ? - help, Shift-Dir - straight line, f - boulder beetle
Aim: a boulder beetle (heavily wounded, 100% to hit)
The bolt of dispelling energy hits the boulder beetle.
The boulder beetle is heavily wounded.
The bolt of dispelling energy hits the tengu warrior!
The tengu warrior is lightly wounded.
The bolt of dispelling energy hits the four-headed hydra!!
The four-headed hydra is moderately wounded.
The four-headed hydra is no longer distracted by gold.
The bolt of dispelling energy hits the komodo dragon!
The komodo dragon is moderately wounded.
The komodo dragon is no longer distracted by gold.
The bolt of dispelling energy hits the gargoyle!
The gargoyle is heavily damaged.
The boulder beetle barely misses you.
Unknown command.
Aiming: Quicksilver Bolt
Press: ? - help, Shift-Dir - straight line, f/p - boulder beetle
Aim: a boulder beetle (heavily wounded, 100% to hit)
The bolt of dispelling energy hits the boulder beetle!
The boulder beetle is severely wounded.
The bolt of dispelling energy misses the tengu warrior.
The bolt of dispelling energy hits the four-headed hydra!!
The four-headed hydra is heavily wounded.
The bolt of dispelling energy misses the komodo dragon.
The bolt of dispelling energy hits the gargoyle!
The gargoyle is severely damaged.
The boulder beetle bites you!!
* * * LOW HITPOINT WARNING * * *
Unknown command.
You feel much better. The boulder beetle bites you!!
* * * LOW HITPOINT WARNING * * *
Unknown command.
Magic courses through your body. The boulder beetle bites you!!
You die...
Your body crumbles into a pile of gold.

$
▓.▓
▓.▓
$
▓)▓
▓.▓
$ $
▓)▓
$
▓.▓
$ $
▓.▓
$
▓.▓
$
▓@▓
▓B▓
▓Q▓
▓D▓
▓l▓
▓9▓
▓.▓
▓.▓


You could see a boulder beetle, a four-headed hydra, a tengu warrior, a komodo
dragon and a gargoyle.

Vanquished Creatures
  A two-headed ogre (D)
  A wraith (D)
  2 yaks (D)
  A centaur (D)
  A scorpion (D)
  A killer bee (D)
  An orc wizard (D)
  2 adders (D)
  A dart slug (D)
  An orc (D)
  A quokka (D)
  2 bats (D)
  A frilled lizard (D)
  A kobold (D)
17 creatures vanquished.

Notes
Turn   | Place    | Note
-------+----------+-------------------------------------------
     0 | D        | mhtbhm the Troll Transmuter began the quest for the Orb.
     0 | D        | Reached XP level 1. HP: 18/18 MP: 1/1
    19 | D        | Reached skill level 4 in Unarmed Combat
    23 | D        | Noticed a scorpion
    27 | D        | Killed a scorpion
    28 | D        | Reached skill level 6 in Unarmed Combat
    28 | D        | Reached XP level 2. HP: 26/26 MP: 0/4
    28 | D        | Reached XP level 3. HP: 32/32 MP: 0/5
    29 | D        | Reached XP level 4. HP: 40/40 MP: 0/6
    36 | D        | Reached skill level 7 in Unarmed Combat
    40 | D        | Found a snail-covered altar of Cheibriados.
    40 | D        | Found a shadowy altar of Dithmenos.
    40 | D        | Found a white marble altar of Elyvilon.
    40 | D        | Found a blossoming altar of Fedhas.
    40 | D        | Found an opulent altar of Gozag.
    41 | D        | Found a hazy altar of Hepliaklqana.
    42 | D        | Found a viscous altar of Jiyva.
    43 | D        | Found an ancient bone altar of Kikubaaqudgha.
    44 | D        | Found a corrupted altar of Lugonu.
    45 | D        | Found a burning altar of Makhleb.
    46 | D        | Found a sparkling altar of Nemelex Xobeh.
    47 | D        | Found an iron altar of Okawaru.
    48 | D        | Became a worshipper of Gozag Ym Sagoz the Greedy
    49 | D        | Found a stormy altar of Qazlal.
    50 | D        | Found a sacrificial altar of Ru.
    51 | D        | Found a shimmering blue altar of Sif Muna.
    52 | D        | Found a bloodstained altar of Trog.
    53 | D        | Found a hide-covered altar of Uskayaw.
    54 | D        | Found a radiant altar of Vehumet.
    55 | D        | Found an ornate altar of the Wu Jian Council.
    56 | D        | Found a shimmering altar of Xom.
    57 | D        | Found a basalt altar of Yredelemnul.
    58 | D        | Found a glowing silver altar of Zin.
    59 | D        | Found a glowing golden altar of the Shining One.
    88 | D        | Learned a level 2 spell: Wereblood
    92 | D        | Learned a level 3 spell: Spider Form
    94 | D        | Noticed a yak
    94 | D        | Noticed a wraith
    94 | D        | Noticed a yak
    94 | D        | Noticed a two-headed ogre
    97 | D        | Killed a yak
    98 | D        | Reached skill level 1 in Fighting
    98 | D        | Reached skill level 9 in Unarmed Combat
    98 | D        | Reached XP level 5. HP: 48/48 MP: 3/8
   103 | D        | Killed a wraith
   104 | D        | Reached skill level 10 in Unarmed Combat
   104 | D        | Reached XP level 6. HP: 51/55 MP: 4/10
   109 | D        | Reached skill level 11 in Unarmed Combat
   113 | D        | Killed a yak
   114 | D        | Reached skill level 5 in Dodging
   114 | D        | Reached XP level 7. HP: 52/62 MP: 5/12
   114 | D        | Killed a two-headed ogre
   115 | D        | Reached skill level 13 in Unarmed Combat
   115 | D        | Reached skill level 1 in Evocations
   115 | D        | Reached XP level 8. HP: 64/72 MP: 5/14
   185 | D        | Learned a level 4 spell: Ice Form
   187 | D        | Noticed a boulder beetle
   187 | D        | Noticed a tengu warrior
   187 | D        | Noticed a four-headed hydra
   187 | D        | Noticed a komodo dragon
   187 | D        | Noticed a gargoyle
   197 | D        | Slain by a boulder beetle

Illustrated notes

Levels and vault maps discovered:
D:        linesprint [early_d, line_temple, items_1, d_10, items_2, lair_1,
          lair_end, items_3, orc_1, orc_end, items_4, d_15, swamp_1, shoals_1,
          snake_1, spider_1, d_20, vaults_1, items_5, swamp_end, shoals_end,
          snake_end, spider_end, vaults_end, d_27, items_6, zot_1, zot_end,
          crypt_end, forest_end, elf_end, slime_end, tomb_end, abyss_end,
          pan_hell_end]

Skill      XL: |  1  2  3  4  5  6  7 |
---------------+----------------------+-----
Dodging        | 3 4 5 6 |  6.1
Unarmed Combat | 6 9 10 11 13 | 13.7
Spellcasting   | 2 3 4 |  4.9
Transmutations | 2 3 4 |  4.9
Fighting       | 1 2 |  2.1
Evocations     | 1 |  1.1

Action                   |  1- 3 |  4- 6 |  7- 9 || total
-------------------------+-------+-------+-------++-------
Melee: Unarmed           |    16 |    20 |     7 ||    43
       Punch             |     2 |     1 |     1 ||     4
       Headbutt          |     1 |     2 |     2 ||     5
       Kick              |       |     3 |     1 ||     4
 Cast: Beastly Appendage |     1 |     1 |     1 ||     3
       Wereblood         |       |     1 |     1 ||     2
Evoke: Wand              |       |     4 |     2 ||     6
  Use: Potion            |     1 |       |     2 ||     3
Armor: Robe              |     9 |     3 |       ||    12
Dodge: Dodged            |     7 |    11 |     3 ||    21

Table legend: (Time is in decaauts)
 A = Elapsed time spent in this place.
 B = Non-inter-level travel time spent in this place.
 C = Inter-level travel time spent in this place.
 D = Time resting spent in this place.
 E = Time spent auto-exploring this place.
 F = Levels seen in this place.
 G = Mean time per level.
                   A        B        C        D        E       F      G
               +--------+--------+--------+--------+--------+-----+--------+
         Total |    195 |    195 |      0 |     50 |      3 |   1 |  195.0 |
       Dungeon |    195 |    195 |      0 |     50 |      3 |   1 |  195.0 |
               +--------+--------+--------+--------+--------+-----+--------+

Top non-repeatable levels by time:
       D: 195 daAuts
